 Dungeon Crawl Stone Soup version 0.17-a0-1927-g319369b (webtiles) character file.

18 Grimwulf the Sneak (level 2, -1/21 HPs)
             Began as a Vampire Wanderer on Sept 29, 2015.
             Slain by a gnoll (7 damage)
             ... on level 2 of the Dungeon.
             The game lasted 00:02:28 (689 turns).

Grimwulf the Sneak (Vampire Wanderer)                Turns: 689, Time: 00:02:28

Health: -1/21      AC:  2    Str: 12    XL:     2   Next: 51%
Magic:  4/4        EV:  7    Int: 11    God:
Gold:   46         SH:  0    Dex: 15    Spells: 0 memorised, 4 levels left

rFire  . . .     SeeInvis +     a - +2 quarterstaff
rCold  . . .     Clarity  .     c - +0 robe
rNeg   + . .     SustAt   .     (no shield)
rPois  .         Gourm    .     (no helmet)
rElec  .         Spirit   .     (no cloak)
rCorr  .         Warding  .     (no gloves)
rMut   .         Stasis   .     (no boots)
MR     .....                    (no amulet)
Stlth  +++.......               (no ring)
                                f - +1 ring of evasion

@: not resistant to hostile enchantments, fairly stealthy
A: fangs 3, see invisible, unbreathing
a: no special abilities


You were on level 2 of the Dungeon.
You were not thirsty.

You visited 1 branch of the dungeon, and saw 2 of its levels.

You collected 46 gold pieces.

Inventory:

Hand weapons
 a - a +2 quarterstaff (weapon)
 d - a +0 dagger
Armour
 c - a +0 robe (worn)
Jewellery
 f - a +1 ring of evasion (left hand)
Scrolls
 b - 8 scrolls of identify {unknown}
 g - 2 scrolls of magic mapping {unknown}
 h - 2 scrolls of remove curse {unknown}
Potions
 e - 7 potions of blood
 i - a potion of magic {unknown}
 j - 2 potions of curing {unknown}


   Skills:
 - Level 1.0 Fighting
 + Level 2.7 Staves
 - Level 1.0 Throwing
 + Level 3.2 Stealth
 * Level 1.8 Spellcasting
   Level 3.0 Hexes


You had 4 spell levels left.
You didn't know any spells.

Dungeon Overview and Level Annotations

Branches:
Dungeon (2/15)

Altars:


Innate Abilities, Weirdness & Mutations

You have razor-sharp teeth.
You have supernaturally acute eyesight.
You can survive without breathing.


Message History

The gnoll shouts!
The gnoll moves out of view.
A gnoll comes into view. It is wielding a club.
You see here 18 stones. 2 gnolls come into view.
The gnoll shouts!
There are monsters nearby!
The gnoll shouts!
The gnoll shouts!
You hit the gnoll.
The gnoll is severely wounded.
The gnoll hits you.
You closely miss the gnoll.
The gnoll is severely wounded.
The gnoll completely misses you. The gnoll hits you!
* * * LOW HITPOINT WARNING * * *
You see here 18 stones.
There is a stone staircase leading up here.
The gnoll hits you!
You die...

. #####..
.......
#######.......
#@g.(gg.......
#######....#.#
....+ ....#
....+ ....#
....# ....#


You could see 3 gnolls.

Vanquished Creatures
  A giant cockroach (D:1)
  5 hobgoblins (D:1)
  3 bats (D:1)
  2 giant newts (D:1)
  2 goblins (D:1)
  3 kobolds (D:1)
  3 rats (D:1)
19 creatures vanquished.

Notes
Turn   | Place    | Note
--------------------------------------------------------------
     0 | D:1      | Grimwulf the Vampire Wanderer began the quest for the Orb.
     0 | D:1      | Grimwulf set off with: a +2 quarterstaff, a potion of lignification, a +0 robe, a +0 dagger, a potion of blood, a !bad item (cl:100,ty:0,pl:0,pl2:0,sp:0,qu:0), a !bad item (cl:100,ty:0,pl:0,pl2:0,sp:0,qu:0), a !bad item (cl:100,ty:0,pl:0,pl2:0,sp:0,qu:0), a !bad item (cl:100,ty:0,pl:0,pl2:0,sp:0,qu:0), a !bad item (cl:100,ty:0,pl:0,pl2:0,sp:0,qu:0), a !bad item (cl:100,ty:0,pl:0,pl2:0,sp:0,qu:0), a !bad item (cl:100,ty:0,pl:0,pl2:0,sp:0,qu:0), a !bad item (cl:100,ty:0,pl:0,pl2:0,sp:0,qu:0), a !bad item (cl:100,ty:0,pl:0,pl2:0,sp:0,qu:0), a !bad item (cl:100,ty:0,pl:0,pl2:0,sp:0,qu:0), a !bad item (cl:100,ty:0,pl:0,pl2:0,sp:0,qu:0), a !bad item (cl:100,ty:0,pl:0,pl2:0,sp:0,qu:0), a !bad item (cl:100,ty:0,pl:0,pl2:0,sp:0,qu:0), a !bad item (cl:100,ty:0,pl:0,pl2:0,sp:0,qu:0), a !bad item (cl:100,ty:0,pl:0,pl2:0,sp:0,qu:0), a !bad item (cl:100,ty:0,pl:0,pl2:0,sp:0,qu:0), a !bad item (cl:100,ty:0,pl:0,pl2:0,sp:0,qu:0), a !bad item (cl:100,ty:0,pl:0,pl2:0,sp:0,qu:0), a !bad item (cl:100,ty:0,pl:0,pl2:0,sp:0,qu:0), a !bad item (cl:100,ty:0,pl:0,pl2:0,sp:0,qu:0), a !bad item (cl:100,ty:0,pl:0,pl2:0,sp:0,qu:0), a !bad item (cl:100,ty:0,pl:0,pl2:0,sp:0,qu:0), a !bad item (cl:100,ty:0,pl:0,pl2:0,sp:0,qu:0), a !bad item (cl:100,ty:0,pl:0,pl2:0,sp:0,qu:0), a !bad item (cl:100,ty:0,pl:0,pl2:0,sp:0,qu:0), a !bad item (cl:100,ty:0,pl:0,pl2:0,sp:0,qu:0), a !bad item (cl:100,ty:0,pl:0,pl2:0,sp:0,qu:0), a !bad item (cl:100,ty:0,pl:0,pl2:0,sp:0,qu:0), a !bad item (cl:100,ty:0,pl:0,pl2:0,sp:0,qu:0), a !bad item (cl:100,ty:0,pl:0,pl2:0,sp:0,qu:0), a !bad item (cl:100,ty:0,pl:0,pl2:0,sp:0,qu:0), a !bad item (cl:100,ty:0,pl:0,pl2:0,sp:0,qu:0), a !bad item (cl:100,ty:0,pl:0,pl2:0,sp:0,qu:0), a !bad item (cl:100,ty:0,pl:0,pl2:0,sp:0,qu:0), a !bad item (cl:100,ty:0,pl:0,pl2:0,sp:0,qu:0), a !bad item (cl:100,ty:0,pl:0,pl2:0,sp:0,qu:0), a !bad item (cl:100,ty:0,pl:0,pl2:0,sp:0,qu:0), a !bad item (cl:100,ty:0,pl:0,pl2:0,sp:0,qu:0), a !bad item (cl:100,ty:0,pl:0,pl2:0,sp:0,qu:0), a !bad item (cl:100,ty:0,pl:0,pl2:0,sp:0,qu:0), a !bad item (cl:100,ty:0,pl:0,pl2:0,sp:0,qu:0), a !bad item (cl:100,ty:0,pl:0,pl2:0,sp:0,qu:0), a !bad item (cl:100,ty:0,pl:0,pl2:0,sp:0,qu:0), a !bad item (cl:100,ty:0,pl:0,pl2:0,sp:0,qu:0), a !bad item (cl:100,ty:0,pl:0,pl2:0,sp:0,qu:0), a !bad item (cl:100,ty:0,pl:0,pl2:0,sp:0,qu:0), a !bad item (cl:100,ty:0,pl:0,pl2:0,sp:0,qu:0)
     0 | D:1      | Reached XP level 1. HP: 15/15 MP: 2/2
   212 | D:1      | Reached XP level 2. HP: 21/21 MP: 2/4
   689 | D:2      | Slain by a gnoll

Vault maps used:
D:1:      dpeg_arrival_boxes_within_box, roderic_lattice_a,
          minmay_tree_intersection, hangedman_abyss_or_decor_lesser_grid
D:2:      lemuel_upstairs_altar, nicolae_overflow_crystal_walls,
          ecumenical_altar_2, lemuel_statue_altar

Action                   || total
-------------------------++-------
Melee: Quarterstaff      ||    36
 Stab: Sleeping          ||     6
       Distracted        ||     1
